 Dungeon Crawl Stone Soup version 0.30.0-29-ga12c61a403 (webtiles) character file.

Game seed: 1510312220922342401

378 booth the Conjurer (level 6, -3/38 HPs)
             Began as a Gargoyle Reaver on June 22, 2023.
             Was a Priest of Fedhas.
             Slain by an ogre
             ... wielding a +0 giant club
              (29 damage)
             ... on level 5 of the Dungeon.
             The game lasted 00:27:13 (3995 turns).

booth the Conjurer (Gargoyle Reaver)                Turns: 3995, Time: 00:27:13

Health: -3/38      AC:  9    Str: 21    XL:     6   Next: 74%
Magic:  10/10      EV: 11    Int: 17    God:    Fedhas [***...]
Gold:   330        SH:  0    Dex:  8    Spells: 0/11 levels left

rFire   + + .        v - +7 mace "Qieka" {freeze, rElec Str+3 Int+4}
rCold   + . .        (no shield)
rNeg    + . .        b - +1 leather armour
rPois   ∞            x - +1 hat
rElec   +            t - scarf {rC+ rF+}
rCorr   .            (no gloves)
SInv    .            (no boots)
Will    .....        (no amulet)
Stlth   +            h - ring of protection from fire
HPRegen 0.26/turn    n - ring of wizardry
MPRegen 0.12/turn

%: wizardry (x1)
@: no status effects
A: sickness immunity, AC +4, negative energy resistance 1, electricity
resistance, torment resistance 1, petrification resistance
a: Renounce Religion, Wall of Briars, Grow Ballistomycete


You were on level 5 of the Dungeon.
You worshipped Fedhas.
Fedhas was most pleased with you.
You visited 2 branches of the dungeon, and saw 6 of its levels.

You collected 330 gold pieces.

Inventory:

Hand Weapons
 a - a +1 mace
 m - a +0 flail
 v - the +7 mace "Qieka" (weapon) {freeze, rElec Str+3 Int+4}
   (You found it on level 4 of the Dungeon)

   Str:       It affects your strength (+3).
   Int:       It affects your intelligence (+4).
   rElec:     It insulates you from electricity.
Missiles
 j - 4 atropa-tipped darts
 r - 7 boomerangs (quivered)
 w - 4 poisoned darts
Armour
 b - a +1 leather armour (worn)
 o - a +0 ring mail
 t - a scarf of resistance (worn)
 x - a +1 hat (worn)
Jewellery
 h - a ring of protection from fire (left hand)
 n - a ring of wizardry (right hand)
 p - a ring of magical power
Scrolls
 d - 4 scrolls of fear
 e - a scroll of silence {unknown}
 i - a scroll of teleportation
 k - 2 scrolls of immolation {unknown}
 s - a scroll of blinking {unknown}
 y - a scroll of enchant armour
Potions
 c - a potion of might
 f - a potion of heal wounds
 g - 2 potions of haste
 l - a potion of invisibility
 q - a potion of attraction {unknown}
 u - a potion of ambrosia


   Skills:
 + Level 3.7 Fighting
 + Level 4.1 Maces & Flails
 + Level 2.6 Dodging
 + Level 3.2 Spellcasting
 + Level 4.4 Conjurations
 + Level 2.2 Invocations


You couldn't memorise any spells.
You knew the following spells:

 Your Spells              Type           Power      Damage    Failure   Level
a - Kiss of Death         Conj/Necr      40%        2d8       3%          1
b - Momentum Strike       Conj/Tloc      20%        3d8       4%          2
c - Hailstorm             Conj/Ice       10%        3d5       10%         3
d - Static Discharge      Conj/Air       20%        2-3/arc   4%          2
e - Mephitic Cloud        Conj/Pois/Air  7%         N/A       13%         3

Your spell library contained the following spells:

 Spells                   Type           Power      Damage    Failure   Level
 Magic Dart               Conj           68%        1d6       1%          1
 Call Imp                 Summ           4%         N/A       12%         2
 Ozocubu's Armour         Ice            2%         N/A       24%         3
 Airstrike                Air            1%         2d(1-17)  58%         4
 Summon Lightning Spire   Summ/Air       2%         N/A       58%         4
 Ozocubu's Refrigeration  Ice            1%         4d7       100%        7


Dungeon Overview and Level Annotations

Branches:
Dungeon (5/15)             Temple (1/1) D:4

Altars:
Ashenzari
Cheibriados
Dithmenos
Fedhas
Gozag
Hepliaklqana
Kikubaaqudgha
Makhleb
Nemelex Xobeh
Okawaru
Qazlal
Ru
Sif Muna
Trog
Uskayaw
Vehumet
Xom
Yredelemnul
Zin


Innate Abilities, Weirdness & Mutations

You are immune to sickness and miasma.
Your stone body is resilient. (AC +4)
You are immune to poison.
You resist negative energy. (rN+)
You are resistant to electric shocks. (rElec)
You are resistant to unholy torment.
You are immune to petrification.


Message History

An orc priest comes into view.
It is wielding a +0 falchion of freezing.
The orc wizard points at you and mumbles some strange words.
The puff of flame hits you but does no damage.
You barely miss the hound skeleton.
The hound skeleton is lightly damaged.
The orc priest shouts!
The hound skeleton bites you.
The orc priest invokes the aid of Beogh against you.
Beogh smites you!
The bullfrog zombie hits you but does no damage.
The hound skeleton bites you but does no damage.
The bullfrog zombie barely misses you.
The orc wizard gestures at you while chanting.
The magic dart hits you. The hound skeleton barely misses you.
You climb upwards.
There is a stone staircase leading down here.
You start resting.
HP restored.
There is a stone staircase leading down here.
Things that are here:
a +0 scale mail; a +0 flail
There is a stone staircase leading down here.
You climb downwards.
There is a stone staircase leading up here.
An ogre comes into view. It is wielding a +0 giant club.
The ogre shouts!
You sock the ogre! You freeze the ogre.
The ogre is moderately wounded.
The ogre closely misses you.
You completely miss the ogre.
The ogre is moderately wounded.
The ogre hits you with a +0 giant club!
You completely miss the ogre.
The ogre is moderately wounded.
You hit the ogre. You freeze the ogre.
The ogre is severely wounded.
The ogre hits you with a +0 giant club!!
Ouch! That really hurt!
You die...
Fedhas appreciates your contribution to the ecosystem.

.......
##.....###
####........
#..........#
...........#
...........#
.......O..#
#......@..#
##.......####
##.........###
##....#.....####
##..#####.....##
#..# ###....###
#.# #.......# #.
##......#.. .
#.......# #


You could see an ogre.

Vanquished Creatures
  Sigmund (D:3)
  A hound (D:3)
  An orc wizard (D:3)
  6 adders
  An ufetubus (D:2)
  3 worms (D:3)
  2 dart slugs (D:3)
  6 orcs
  7 ball pythons
  9 endoplasms
  3 giant cockroaches
  12 goblins
  10 hobgoblins
  6 jackals
  3 quokkas
  5 bats
  A frilled lizard (D:2)
  6 kobolds
  4 rats
87 creatures vanquished.

Vanquished Creatures (others)
  An orc priest (D:5)
  A sleepcap (D:5)
  An orc (D:5)
3 creatures vanquished.

Grand Total: 90 creatures vanquished

Notes
Turn   | Place    | Note
-------+----------+-------------------------------------------
     0 | D:1      | booth the Gargoyle Reaver began the quest for the Orb.
     0 | D:1      | Reached XP level 1. HP: 12/12 MP: 3/3
   371 | D:1      | Reached XP level 2. HP: 13/18 MP: 5/5
   402 | D:1      | Found a faded altar of an unknown god.
   406 | D:1      | Prayed at the altar of an unknown god.
   406 | D:1      | Became a worshipper of Fedhas Madash
   406 | D:1      | Reached * piety under Fedhas
  1154 | D:2      | Found a glowing silver altar of Zin.
  1204 | D:2      | Reached XP level 3. HP: 13/22 MP: 6/6
  1473 | D:2      | Learned a level 2 spell: Momentum Strike
  1477 | D:2      | Learned a level 3 spell: Hailstorm
  1524 | D:2      | Reached ** piety under Fedhas
  1927 | D:3      | Noticed Sigmund
  1952 | D:3      | Killed Sigmund
  1953 | D:3      | Reached skill level 1 in Invocations
  1953 | D:3      | Reached XP level 4. HP: 23/28 MP: 5/8
  1953 | D:3      | Reached XP level 5. HP: 27/32 MP: 5/9
  1976 | D:3      | Learned a level 2 spell: Static Discharge
  2056 | D:3      | Found a blossoming altar of Fedhas.
  2060 | D:3      | Found a broken altar of Ashenzari.
  2061 | D:3      | Found a snail-covered altar of Cheibriados.
  2062 | D:3      | Found a shadowy altar of Dithmenos.
  2210 | D:3      | Reached XP level 6. HP: 37/37 MP: 10/10
  2357 | D:3      | Learned a level 3 spell: Mephitic Cloud
  2540 | D:3      | Identified the staff of fire "Puahydol" {rF+ MP+9 Str+4}
  2956 | D:4      | Found a staircase to the Ecumenical Temple.
  2994 | Temple   | Entered the Ecumenical Temple
  3034 | D:4      | Reached *** piety under Fedhas
  3369 | D:4      | Identified the +7 mace "Qieka" {freeze, rElec Str+3 Int+4}
  3840 | D:5      | Entered Level 5 of the Dungeon
  3995 | D:5      | Slain by an ogre

Illustrated notes

Levels and vault maps discovered:
D:1:      dpeg_arrival_short_road, layout_basic,
          shapermc_ecumenical_altar_mp_vishouse, chequers_serial_rivers_small_3
D:2:      layout_loops_cross, basic_altar
D:3:      minmay_octagon_keep, layout_basic, mainiacjoe_overflow_alcove_3,
          uniq_sigmund
D:4:      cheibrodos_greedy_goblins, layout_loops_cross,
          minmay_temple_entry_arrows
D:5:      layout_cave_pods, serial_undead, serial_undead_b, serial_undead_d,
          serial_undead_c, serial_undead_e
Temple:   hellmonk_temple_two_chambers

Skill      XL: |  1  2  3  4  5  6 |
---------------+-------------------+-----
Dodging        | 2 |  2.6
Fighting       | 3 |  3.7
Conjurations   | 4 |  4.4
Invocations    | 1 2 |  2.2
Spellcasting   | 3 |  3.2
Maces & Flails | 4 |  4.1

Action                     |  1- 3 |  4- 6 || total
---------------------------+-------+-------++-------
  Melee: Mace              |   108 |   208 ||   316
         Punch             |     1 |     3 ||     4
  Throw: Boomerang         |       |     2 ||     2
   Cast: Kiss of Death     |     1 |       ||     1
         Static Discharge  |       |     4 ||     4
    Use: Scroll            |     4 |     4 ||     8
         Potion            |     4 |     1 ||     5
 Armour: Leather armour    |    43 |    64 ||   107
  Dodge: Dodged            |    66 |   122 ||   188
